 Dungeon Crawl Stone Soup version 0.31.0-11-ge490571c62 (webtiles) character file.

Game seed: 5513760313115966419

72 qw the Shooter (level 4, -2/25 HPs)
             Began as a Deep Elf Hunter on Feb 4, 2024.
             Was an Initiate of Okawaru.
             Slain by Jessica
             ... wielding a +5 club
              (7 damage)
             ... on level 2 of the Dungeon.
             The game lasted 00:00:04 (1461 turns).

qw the Shooter (Deep Elf Hunter)                    Turns: 1461, Time: 00:00:05

Health: -2/25      AC:  7    Str: 10    XL:     4   Next: 6%
Magic:  6/6        EV: 11    Int: 14    God:    Okawaru [......]
Gold:   62         SH:  0    Dex: 18    Spells: 3/3 levels left

rFire   . . .        a - +0 shortbow
rCold   . . .        (shield currently unavailable)
rNeg    . . .        e - +0 ring mail
rPois   .            (no helmet)
rElec   .            k - +1 cloak
rCorr   .            (no gloves)
SInv    .            (no boots)
Will    .....        (no amulet)
Stlth   +            (no ring)
HPRegen 0.24/turn    (no ring)
MPRegen 0.10/turn

%: no passive effects
@: about to teleport
A: no striking features
a: Renounce Religion


You were on level 2 of the Dungeon.
You worshipped Okawaru.
Okawaru was noncommittal.
You visited 1 branch of the dungeon, and saw 2 of its levels.

You collected 62 gold pieces.


   Skills:
 - Level 1.5 Fighting
 + Level 7.5 Ranged Weapons
 - Level 2.4 Dodging
 - Level 1.2 Stealth


You had 3 spell levels left.
You didn't know any spells.
Your spell library was empty.

Inventory:

Hand Weapons
 a - a +0 shortbow (weapon)
Armour
 e - a +0 ring mail (worn)
 g - a +0 helmet
 k - a +1 cloak (worn)
Jewellery
 h - a ring of protection from fire
Scrolls
 b - 2 scrolls of enchant armour {unknown}
 c - a scroll of identify
 d - a scroll of noise {unknown}
Potions
 i - a potion of resistance

Dungeon Overview and Level Annotations

Branches:
Dungeon (2/15)

Altars:
Okawaru

Annotations:
D:2 Jessica


Message History

You shoot an arrow. The arrow barely misses the hobgoblin.
The hobgoblin hits you.
You shoot an arrow. The arrow hits the hobgoblin.
You kill the hobgoblin!
Okawaru accepts your kill. The bat barely misses you.
You shoot an arrow. The arrow hits the bat.
You kill the bat!
Okawaru accepts your kill.
Found a stone staircase leading down.
h - a ring of protection from fire A goblin comes into view.
It is wielding a +0 dagger.
You shoot an arrow. The goblin shouts!
The arrow hits the goblin.
You kill the goblin!
Okawaru accepts your kill.
You hear a shout!
Jessica the Apprentice Sorceress comes into view.
She is wielding a +5 club.
Jessica mumbles some strange words.
Jessica blinks!
You shoot an arrow. The arrow barely misses Jessica.
You shoot an arrow.
The arrow hits Jessica but does no damage.
Jessica looks very angry.
Jessica hits you with a +5 club!
You shoot an arrow.
The arrow hits Jessica but does no damage.
Jessica gestures wildly while chanting.
Jessica seems to speed up.
You shoot an arrow.
The arrow hits Jessica but does no damage.
Jessica barely misses you. Jessica casts a spell at you.
Pain shoots through your body!
1461 ||| READING scroll of teleportation.
As you read the scroll of teleportation, it crumbles to dust.
You feel strangely unstable. Jessica hits you with a +5 club!
You die...

...####.#### ..
..%...)..... ..
#..#####.###. '#
#.......)..#. ##.
#.######.#.#. ####.. #.#
#.#.#.
####...)####.######.#.#.
.....#.......#....#.#.#.
...>..@@..........'.#.#.
.......#..........#.#.#.
...##.##........###.#.#.
. ... #........# #.#.#.
... #.......####.....
#### ##.......#...#.#.
#.......#.###.##
#.......#.......
######+######.#.


You could see Jessica (fast).

Vanquished Creatures
  Robin (D:2)
  An adder (D:2)
  A dart slug (D:1)
  4 ball pythons (D:1)
  6 endoplasms
  4 giant cockroaches (D:1)
  7 hobgoblins
  4 kobolds (D:1)
  A bat (D:2)
  2 frilled lizards (D:1)
  11 goblins
  3 rats (D:1)
45 creatures vanquished.

Notes
Turn   | Place    | Note
-------+----------+-------------------------------------------
     0 | D:1      | qw the Deep Elf Hunter began the quest for the Orb.
     0 | D:1      | Reached XP level 1. HP: 12/12 MP: 3/3
     0 | D:1      | 0 ||| qw: Version: 0.3-a-160-g6735b56
     0 | D:1      | 0 ||| qw: Game counter: 4607
     0 | D:1      | 0 ||| qw: Melee chars always use a shield: true
     0 | D:1      | 0 ||| qw: God list: Okawaru
     0 | D:1      | 0 ||| qw: Allow faded altars: false
     0 | D:1      | 0 ||| qw: Do Orc after clearing Dungeon:15 true
     0 | D:1      | 0 ||| qw: Do second Lair branch before Depths: true
     0 | D:1      | 0 ||| qw: Lair rune preference: random
     0 | D:1      | 0 ||| qw: Goals: Normal
     0 | D:1      | 0 ||| PLANNING D:1-11
   288 | D:1      | Reached XP level 2. HP: 16/16 MP: 4/4
   311 | D:1      | Reached skill level 6 in Ranged Weapons
   780 | D:1      | Reached XP level 3. HP: 20/20 MP: 5/5
  1047 | D:1      | Found a faded altar of an unknown god.
  1048 | D:1      | 1048 ||| UPGRADING to +0 ring mail.
  1058 | D:1      | 1058 ||| DROPPING +0 leather armour.
  1059 | D:1      | 1059 ||| UPGRADING to +1 cloak.
  1064 | D:1      | 1064 ||| DROPPING +6 ring of intelligence.
  1065 | D:1      | 1065 ||| READING 2 scrolls labelled ECSEWI ROINN.
  1065 | D:1      | 1065 ||| IDENTIFYING fuming brown potion
  1066 | D:1      | 1066 ||| READING scroll of identify.
  1066 | D:1      | 1066 ||| IDENTIFYING scroll labelled OXZIDE SYIHA
  1067 | D:1      | 1067 ||| READING scroll labelled OMANOB NAITOFA.
  1068 | D:1      | 1068 ||| READING scroll labelled QEUNWI OSSEMOMM.
  1069 | D:1      | 1069 ||| READING scroll labelled APRU TUOGIKUL.
  1170 | D:1      | 1170 ||| DROPPING scroll of butterflies.
  1274 | D:2      | Found an iron altar of Okawaru.
  1275 | D:2      | 1275 ||| PLANNING OKAWARU WORSHIP
  1280 | D:2      | Became a worshipper of Warmaster Okawaru
  1281 | D:2      | 1281 ||| PLANNING D:1-11
  1323 | D:2      | Reached skill level 7 in Ranged Weapons
  1364 | D:2      | Noticed Robin
  1374 | D:2      | Killed Robin
  1409 | D:2      | Reached XP level 4. HP: 25/25 MP: 6/6
  1456 | D:2      | Noticed Jessica
  1460 | D:2      | HP: 5/25 [Jessica/nerve-wracking pain (9)]
  1461 | D:2      | 1461 ||| READING scroll of teleportation.
  1461 | D:2      | Slain by Jessica

Levels and vault maps discovered:
D:1:      dpeg_arrival_central, layout_basic,
          shapermc_ecumenical_altar_acropolis, st_stairs_1,
          minmay_misc_feat_roman, grunt_decor_clamped, grunt_decor_resistance,
          minmay_domino_2
D:2:      layout_basic, basic_altar, uniq_jessica, uniq_robin

Skill      XL: |  1  2  3 |
---------------+----------+-----
Ranged Weapons | 6 7 |  7.5
Fighting       | |  1.5
Dodging        | |  2.4
Stealth        | |  1.2

Action                     |  1- 3 |  4- 6 || total
---------------------------+-------+-------++-------
   Fire: Shortbow          |   110 |    16 ||   126
    Use: Scroll            |     5 |     1 ||     6
 Armour: Leather armour    |     8 |       ||     8
         Ring mail         |     5 |     4 ||     9
  Dodge: Dodged            |    23 |     3 ||    26

Table legend:
 A = Non-vault XP
 B = Vault XP
 C = Vault XP percentage of total XP
 D = Non-vault monster count
 E = Vault monster count
 F = Vault count percentage of total count
                 A         B        C        D         E       F
            +---------+---------+-------+---------+---------+-------
      Total |      67 |      36 |  35.0 |      30 |      15 |  33.3
            +---------+---------+-------+---------+---------+-------
        D:1 |      44 |       5 |  10.2 |      24 |       4 |  14.3
        D:2 |      23 |      31 |  57.4 |       6 |      11 |  64.7
            +---------+---------+-------+---------+---------+-------
